 Dungeon Crawl Stone Soup version 0.20.1-1-g8b1a95d (webtiles) character file.

168 vatarom the Firebug (level 5, -13/38 HPs)
             Began as a Demonspawn Fire Elementalist on Oct 2, 2017.
             Mangled by a two-headed ogre
             ... wielding a +0 giant club
              (26 damage)
             ... on level 3 of the Dungeon.
             The game lasted 00:09:17 (3741 turns).

vatarom the Firebug (Demonspawn Fire Elementalist)  Turns: 3741, Time: 00:09:18

Health: -13/38     AC:  9    Str:  9    XL:     5   Next: 24%
Magic:  0/9        EV: 12    Int: 17    God:
Gold:   98         SH:  0    Dex: 13    Spells: 3/9 levels left

rFire    . . .     SeeInvis .   d - +0 dagger
rCold    . . .     Gourm    .   (no shield)
rNeg     . . .     Faith    .   a - +0 robe
rPois    .         Spirit   +   (no helmet)
rElec    .         Reflect  .   (no cloak)
rCorr    .         Harm     .   (no gloves)
MR       .....                  k - +0 pair of boots
Stlth    ++........             (no amulet)
Regen    0.2/turn               (no ring)
MPRegen  0.2/turn               (no ring)

@: about to teleport, sanguine armour, very slightly contaminated
A: talons 1, demonic guardian 1, magic shield, sanguine armour 1
a: no special abilities


You were on level 3 of the Dungeon.
You were not hungry.

You visited 1 branch of the dungeon, and saw 3 of its levels.

You collected 98 gold pieces.

Inventory:

Hand Weapons
 d - a +0 dagger (weapon)
Armour
 a - a +0 robe (worn)
 k - a +0 pair of boots (worn)
Wands
 i - a wand of iceblast (0/15)
Scrolls
 j - a scroll of enchant armour
 n - a scroll of fear
Potions
 g - a potion of brilliance
 l - 2 potions of heal wounds
 m - a potion of agility
 o - a potion of invisibility {unknown}
Books
 b - a book of Flames

   Spells                             Type                      Level
   a - Flame Tongue                   Conjuration/Fire             1
   b - Throw Flame                    Conjuration/Fire             2
   c - Conjure Flame                  Conjuration/Fire             3
   d - Inner Flame                    Hexes/Fire                   3
   e - Sticky Flame                   Conjuration/Fire             4
   f - Fireball                       Conjuration/Fire             5
Comestibles
 c - 5 bread rations
 f - a royal jelly


   Skills:
 + Level 2.2 Fighting
 - Level 1.7 Dodging
 - Level 1.7 Stealth
 + Level 2.7 Spellcasting
 + Level 2.4 Conjurations
 * Level 3.9 Fire Magic


You had 3 spell levels left.
You knew the following spells:

 Your Spells              Type           Power        Failure   Level  Hunger
a - Flame Tongue          Conj/Fire      ##...        4%          1    #......
b - Throw Flame           Conj/Fire      ##....       8%          2    ##.....
c - Conjure Flame         Conj/Fire      ##......     14%         3    ###....


Dungeon Overview and Level Annotations

Branches:
Dungeon (3/15)

Altars:
Fedhas
Trog

Annotations:
D:3 Sigmund


Innate Abilities, Weirdness & Mutations

You have sharp toenails.
A weak demonic guardian rushes to your aid.
When hurt, damage is shared between your health and your magic reserves.
When seriously injured, your bleeding wounds create armour. (AC +6)


Message History

Okay, then.
As you read the scroll of teleportation, it crumbles to dust.
You feel strangely unstable. The two-headed ogre misses you.
The two-headed ogre barely misses you.
Sigmund casts a spell.
Sigmund flickers and vanishes!
Unknown command.
Casting: Flame Tongue
Confirm with . or Enter, or press ? or * to list all spells.
Aiming: Flame Tongue
Press: ? - help, Shift-Dir - straight line, f - two-headed ogre
Aim: a two-headed ogre, wielding a giant club and a giant spiked club The flame tongue hits the two-headed ogre.
The two-headed ogre is lightly wounded.
The two-headed ogre hits you with a giant club!!
Ouch! That really hurt!
Your blood congeals into armour.
The two-headed ogre hits you with a giant spiked club!!
Ouch! That really hurt!
You die...

#### #>..#####...........#
.# #.........########)##
######....###########...#
..........#####.........#
######.......##.######.#####
.## #....##.#..#.<........#
#.## #....##.#.##..........#
.#.###....##.#.##..........#
.##.##........{O@.......)..#
...#.#.##.##..#.#......(...#
##.###.#........#..........#
######.....#.###############
h..[")....##.##
<.........##..###########
.......#.h..............##
.......##....(............#
.......###.###[....##.#.#.#


You could see a two-headed ogre.

Vanquished Creatures
  Natasha (twice) (D:2)
  A hound skeleton (D:3)
  An adder (D:2)
  3 oozes
  A worm (D:2)
  2 dart slugs (D:2)
  A leopard gecko (D:3)
  9 orcs (D:3)
  10 bats
  A giant cockroach (D:2)
  4 goblins (D:2)
  4 hobgoblins
  6 kobolds
  A ball python (D:2)
  4 frilled lizards
  3 rats
53 creatures vanquished.

Vanquished Creatures (collateral kills)
  Natasha (D:2)
1 creature vanquished.

Grand Total: 54 creatures vanquished

Notes
Turn   | Place    | Note
-------+----------+-------------------------------------------
     0 | D:1      | vatarom the Demonspawn Fire Elementalist began the quest for the Orb.
     0 | D:1      | Reached XP level 1. HP: 13/13 MP: 3/3
   445 | D:1      | Gained mutation: When hurt, damage is shared between your health and your magic reserves. [demonic ancestry]
   445 | D:1      | Reached XP level 2. HP: 20/20 MP: 3/5
   622 | D:1      | Reached skill level 3 in Fire Magic
   629 | D:1      | Learned a level 2 spell: Throw Flame
  1128 | D:2      | Reached skill level 1 in Fighting
  1519 | D:2      | Gained mutation: A weak demonic guardian rushes to your aid. [demonic ancestry]
  1519 | D:2      | Reached XP level 3. HP: 9/26 MP: 2/6
  1808 | D:2      | Found a bloodstained altar of Trog.
  1818 | D:2      | Learned a level 3 spell: Conjure Flame
  1862 | D:2      | Noticed Natasha
  1868 | D:2      | Killed Natasha
  1910 | D:2      | Noticed Natasha
  1924 | D:2      | Killed Natasha
  1924 | D:2      | Gained mutation: You have sharp toenails. [demonic ancestry]
  1924 | D:2      | Reached XP level 4. HP: 13/32 MP: 1/7
  1937 | D:2      | Noticed Natasha
  2202 | D:2      | Killed Natasha
  2746 | D:3      | Gained mutation: When seriously injured, your bleeding wounds create armour. (AC +6) [demonic ancestry]
  2746 | D:3      | Reached XP level 5. HP: 31/38 MP: 1/9
  2973 | D:3      | Found a blossoming altar of Fedhas.
  3403 | D:3      | Noticed a two-headed ogre
  3456 | D:3      | Noticed Sigmund
  3741 | D:3      | Mangled by a two-headed ogre

Skill      XL: |  1  2  3  4 |
---------------+-------------+-----
Fire Magic     | 3 |  3.9
Fighting       | 1 2 |  2.2
Conjurations   | 2 |  2.4
Dodging        | |  1.7
Stealth        | |  1.7
Spellcasting   | |  2.7

Action                   |  1- 3 |  4- 6 || total
-------------------------+-------+-------++-------
Melee: Dagger            |    32 |    19 ||    51
 Cast: Flame Tongue      |    40 |    63 ||   103
       Throw Flame       |       |     6 ||     6
Evoke: Wand              |     3 |       ||     3
  Use: Scroll            |     2 |     6 ||     8
       Potion            |     2 |     1 ||     3
 Stab: Sleeping          |       |     3 ||     3
  Eat: Chunk             |     4 |     2 ||     6
       Royal jelly       |       |     2 ||     2
Armor: Robe              |     8 |     7 ||    15
Dodge: Dodged            |    40 |    22 ||    62
